 Dungeon Crawl Stone Soup version 0.28.0-53-g5a82cb258f (webtiles) character file.

Game seed: 11045898686380846333

230 DocClef the Ruffian (level 5, 0/48 HPs)
             Began as a Troll Hunter on July 9, 2022.
             Slain by a ball python (1 damage)
             ... in a sewer.
             The game lasted 00:03:04 (1911 turns).

DocClef the Ruffian (Troll Hunter)                  Turns: 1911, Time: 00:03:05

Health: 0/48       AC:  4    Str: 22    XL:     5   Next: 72%
Magic:  4/4        EV:  9    Int:  7    God:
Gold:   160        SH:  0    Dex: 10    Spells: 4/4 levels left

rFire   . . .      SeeInvis .     - Unarmed
rCold   . . .      Faith    .   (no shield)
rNeg    . . .      Spirit   .   b - +0 robe
rPois   .          Reflect  .   (helmet restricted)
rElec   .          Harm     .   (no cloak)
rCorr   .          Rampage  .   (gloves unavailable)
Will    .....                   (boots unavailable)
Stlth   +.........              (no amulet)
HPRegen 0.96/turn               (no ring)
MPRegen 0.09/turn               (no ring)

@: lethally poisoned (0 -> -1), very slow
A: large, unfitting armour, claws 3, regeneration 1, shaggy fur 1, tough skin 1
a: no special abilities


You were in a sewer.
You visited 1 branch of the dungeon, and saw 4 of its levels.
You also visited: Sewer.

You collected 160 gold pieces.

Inventory:

Hand Weapons
 a - a +0 short sword of freezing
Missiles
 c - 5 large rocks (quivered)
 d - 2 throwing nets
Armour
 b - a +0 robe (worn)
Scrolls
 f - a scroll of brand weapon
 i - a scroll of teleportation {unknown}
 j - a scroll of identify
 k - a scroll of fear
 l - a scroll of noise {unknown}
Potions
 e - a potion of berserk rage {unknown}
 g - 4 potions of curing
 h - 3 potions of heal wounds


   Skills:
 - Level 1.5 Fighting
 - Level 3.6 Throwing
 - Level 1.5 Dodging
 - Level 0.3 Stealth
 + Level 5.6 Unarmed Combat


You had 4 spell levels left.
You didn't know any spells.
Your spell library contained the following spells:

 Spells                   Type           Power      Damage    Failure   Level
 Blade Hands              Tmut           0%         N/A       100%        5
 Irradiate                Conj/Tmut      0%         3d13      100%        5
 Dragon Form              Tmut           0%         N/A       100%        7


Dungeon Overview and Level Annotations

Branches:
Dungeon (4/15)              Sewer (1/1)
 Temple: D:4-7

Altars:
Okawaru
Ru


Innate Abilities, Weirdness & Mutations

You are too large for most types of armour.
You have claws for hands.
Your natural rate of healing is unusually fast.
You are covered in fur. (AC +1)
You have tough skin. (AC +1)


Message History

You barely miss the bullfrog. Your claw misses the bullfrog.
The bullfrog is moderately wounded.
You feel sick. The adder bites you but does no damage.
The bullfrog hits you but does no damage.
The ball python barely misses you. The bullfrog hits you.
You closely miss the bullfrog.
The bullfrog is moderately wounded.
The bullfrog hits you.
The bullfrog hits you but does no damage.
The adder bites you.
The ball python bites you but does no damage.
The bullfrog hits you. The ball python bites you. The bullfrog hits you.
The adder closely misses you.
You barely miss the bullfrog.
The bullfrog is moderately wounded.
You feel sick. The ball python barely misses you.
The bullfrog barely misses you. The bullfrog hits you.
The ball python barely misses you. The adder bites you.
You are more poisoned.
The adder poisons you!
The frilled lizard unfolds its giant frill.
You feel very sick.
The adder hisses angrily.
The ball python bites you. The bullfrog barely misses you.
The bullfrog hits you.
* * * LOW HITPOINT WARNING * * *
The bullfrog barely misses you.
You enter the shallow water.
Moving in this stuff is going to be slow.
You feel sick. The adder completely misses you. The bullfrog hits you.
* * * LOW HITPOINT WARNING * * *
The bullfrog barely misses you. The ball python closely misses you.
The frilled lizard bites you but does no damage.
The adder bites you.
* * * LOW HITPOINT WARNING * * *
The adder closely misses you. The bullfrog barely misses you.
The bullfrog hits you.
* * * LOW HITPOINT WARNING * * *
The ball python bites you.
You die...

##≈≈.≈.##..#
##.†≈.#
#≈≈≈≈≈≈#####
#≈≈≈≈≈≈
#≈≈≈≈≈≈#
#≈≈≈≈≈≈
#≈≈≈≈≈≈#
#≈≈≈≈≈≈
#≈≈≈≈≈≈#
#≈≈≈≈≈≈
#≈≈≈≈≈≈#
#≈≈≈≈≈≈
#≈≈≈≈≈≈#
#≈≈†..≈
#≈S#≈≈≈#
#≈≈.[≈≈
#SS@l≈≈#
##...≈#
#≈FFS≈≈#
#≈≈≈≈≈≈
#≈≈S≈≈≈#
#≈≈≈≈≈≈
#≈#S≈≈≈#
#≈≈≈≈≈≈
#≈≈l≈≈≈#
#≈≈≈≈≈≈
#≈≈≈≈≈≈#
#≈≈≈≈≈≈
#≈≈≈≈≈≈#
#≈≈≈≈≈≈
#≈≈≈≈≈≈#
#≈≈≈≈≈≈ ##
≈..##
#.≈..≈#


You could see 2 bullfrogs, 4 adders, 2 ball pythons and 2 frilled lizards.

Vanquished Creatures
  A howler monkey (D:4)
  4 adders
  7 river rats (Sewer)
  3 dart slugs
  An orc (D:4)
  3 bats
  4 endoplasms
  7 giant cockroaches
  7 hobgoblins
  2 quokkas (D:4)
  11 ball pythons
  A frilled lizard (Sewer)
  3 goblins
  7 kobolds
  39 rats
100 creatures vanquished.

Notes
Turn   | Place    | Note
-------+----------+-------------------------------------------
     0 | D:1      | DocClef the Troll Hunter began the quest for the Orb.
     0 | D:1      | Reached XP level 1. HP: 19/19 MP: 0/0
    94 | D:1      | Reached skill level 1 in Unarmed Combat
   193 | D:1      | Reached XP level 2. HP: 25/27 MP: 1/1
   250 | D:1      | Reached skill level 2 in Unarmed Combat
   614 | D:2      | Reached XP level 3. HP: 33/33 MP: 2/2
   966 | D:3      | Reached skill level 3 in Unarmed Combat
  1315 | D:3      | Found a sacrificial altar of Ru.
  1392 | D:3      | Found a faded altar of an unknown god.
  1414 | D:3      | Reached XP level 4. HP: 35/41 MP: 3/3
  1510 | D:4      | Found an iron altar of Okawaru.
  1604 | D:4      | Reached skill level 4 in Unarmed Combat
  1624 | D:4      | Found a glowing drain.
  1645 | Sewer    | Entered a sewer
  1677 | Sewer    | Reached XP level 5. HP: 45/48 MP: 4/4
  1804 | Sewer    | Reached skill level 5 in Unarmed Combat
  1911 | Sewer    | HP: 1/48 [bullfrog (5)]
  1911 | Sewer    | Slain by a ball python

Illustrated notes

Levels and vault maps discovered:
D:1:      scummos_arrival_checkerplants, layout_basic
D:2:      layout_rooms
D:3:      layout_basic, lemuel_tele_altar, dreamdust_ecumenical_altar_statues
D:4:      layout_gridville, mainiacjoe_overflow_small_starburst,
          minmay_temple_entry_drinking_statues, gup_sewer_entry_pipe,
          serial_shops, nicolae_shop_behind_doors
Sewer:    sewer_minmay_w

Skill      XL: |  1  2  3  4  5 |
---------------+----------------+-----
Unarmed Combat | 1 2 3 4 5 |  5.6
Fighting       | |  1.5
Throwing       | |  3.6
Dodging        | |  1.5
Stealth        | |  0.3

Action                   |  1- 3 |  4- 6 || total
-------------------------+-------+-------++-------
Melee: Unarmed           |    96 |   119 ||   215
       Punch             |     1 |     2 ||     3
  Use: Scroll            |       |     5 ||     5
       Potion            |       |     3 ||     3
 Stab: Sleeping          |     2 |       ||     2
Armor: Robe              |    28 |    43 ||    71
Dodge: Dodged            |    37 |    79 ||   116
